 Dungeon Crawl Stone Soup version 0.19-a0-1100-g56b2fe9 (webtiles) character file.

432 Jmtri7 the Ducker (level 7, -1/41 HPs)
             Began as a Tengu Berserker on Aug 8, 2016.
             Was a Priest of Trog.
             Slain by a worker ant (5 damage)
             ... on level 4 of the Dungeon.
             The game lasted 00:07:38 (2876 turns).

Jmtri7 the Ducker (Tengu Berserker)                 Turns: 2876, Time: 00:07:39

Health: -1/41      AC:  7    Str: 19    XL:     7   Next: 0%
Magic:  8/8        EV: 13    Int:  7    God:    Trog [***...]
Gold:   90         SH:  0    Dex: 14    Spells: 0 memorised, 6 levels left

rFire  . . .     SeeInvis .     a - +0 falchion
rCold  . . .     Gourm    .     o - +0 scale mail
rNeg   + . .     Faith    .     (no shield)
rPois  .         Spirit   .     (helmet restricted)
rElec  .         Dismiss  .     (no cloak)
rCorr  .         Reflect  .     (no gloves)
SustAt .         Harm     .     (boots unavailable)
MR     .....                    (no amulet)
Stlth  ..........               (no ring)
                                k - ring of positive energy

@: lethally poisoned (-1 -> -11)
A: beak, talons 3, able to fly 1
a: Fly, Berserk, Trog's Hand, Burn Spellbooks, Renounce Religion


You were on level 4 of the Dungeon.
You worshipped Trog.
Trog was most pleased with you.
You were very hungry.

You visited 1 branch of the dungeon, and saw 4 of its levels.
You also visited: Sewer.

You collected 90 gold pieces.

Inventory:

Hand Weapons
 a - a +0 falchion (weapon)
Armour
 o - a +0 scale mail (worn)
Jewellery
 k - a ring of positive energy (left hand)
 y - a cursed ring of teleportation {unknown}
Scrolls
 d - a scroll of noise {unknown}
 e - a scroll of magic mapping {unknown}
 g - 2 scrolls of recharging {unknown}
 i - 2 scrolls of teleportation {unknown}
 m - a scroll of enchant armour {unknown}
 q - 2 scrolls of identify {unknown}
 u - 2 scrolls of fog {unknown}
 v - a scroll of fear {unknown}
Potions
 f - a potion of magic {unknown}
 h - 4 potions of ambrosia {unknown}
 j - a potion of cancellation {unknown}
 l - a potion of cure mutation {unknown}
 n - a potion of degeneration {unknown}
 p - 4 potions of flight {unknown}
 r - 4 potions of heal wounds {unknown}
 t - a potion of mutation {unknown}
 w - a potion of agility {unknown}
 x - a potion of resistance {unknown}
 z - 4 potions of curing {unknown}
 B - a potion of brilliance {unknown}
 C - a potion of might {unknown}
Comestibles
 b - 2 meat rations
 c - 4 bread rations
 s - a slice of pizza


   Skills:
 - Level 3.0 Fighting
 - Level 3.2 Long Blades
 + Level 5.6 Armour
 + Level 5.9 Dodging


You had 6 spell levels left.
You didn't know any spells.

Dungeon Overview and Level Annotations

Branches:
Dungeon (4/15)
 Temple: D:4-7

Altars:
Cheibriados
Gozag
Makhleb
Uskayaw
Vehumet
Xom
Yredelemnul


Innate Abilities, Weirdness & Mutations

You have a beak for a mouth.
You have claws for feet.
You can fly.


Message History

You are lethally poisoned!
The worker ant poisons you!
A crimson imp comes into view.
You start eating one of the 2 meat rations.
Keep eating?
* * * LOW HITPOINT WARNING * * *
You feel sick.
The howler monkey hoots and howls with incredible vigour!
The worker ant bites you.
* * * LOW HITPOINT WARNING * * *
The crimson imp moves out of view.
The howler monkey misses you.
You riposte.
You hit the howler monkey but do no damage.
You hear a shout!
You hear an angry hiss.
You continue eating.
* * * LOW HITPOINT WARNING * * *
You feel sick. The worker ant closely misses you.
You riposte.
You closely miss the worker ant.
The worker ant is severely wounded.
The howler monkey closely misses you. The worker ant bites you.
You die...

#..#........ #
#..#.†.....8 #.
#..#......8. .
#.#####...........
#.#
#.......P#########
#...#####.≈≈≈≈.#
..........≈≈≈≈.#
......Z..≈§§≈§§#
......h@.P§§§§.#
......a...§§§P.#
..........§§§§..
..........##.....
..^........ §.
...........# .
...........#
...!.$.....#


You could see a howler monkey, a worker ant and an orc zombie.

Vanquished Creatures
  2 big kobolds (Sewer)
  The ghost of GlaceonGamingDJ the Cutter, a weakling TrBe of Trog (D:4)
  A centaur zombie (D:4)
  2 hound zombies (D:4)
  6 adders
  2 river rats (D:3)
  3 oozes
  2 worms
  2 dart slugs
  3 giant geckos
  3 orcs
  3 ball pythons
  2 giant cockroaches (D:3)
  10 goblins
  3 hobgoblins
  5 jackals
  8 bats
  A giant cockroach zombie (D:4)
  2 giant gecko skeletons (D:4)
  3 giant newts
  A jackal zombie (D:4)
  18 kobolds
  17 rats
100 creatures vanquished.

Notes
Turn   | Place    | Note
-------+----------+-------------------------------------------
     0 | D:1      | Jmtri7 the Tengu Berserker began the quest for the Orb.
     0 | D:1      | Reached XP level 1. HP: 14/14 MP: 2/2
   143 | D:1      | Reached XP level 2. HP: 17/19 MP: 3/3
   616 | D:2      | Reached XP level 3. HP: 23/23 MP: 4/4
   946 | D:2      | Reached ** piety under Trog
  1069 | D:2      | Found a hide-covered altar of Uskayaw.
  1655 | D:3      | Reached XP level 4. HP: 24/28 MP: 5/5
  1766 | D:3      | Found a shimmering altar of Xom.
  1779 | D:3      | Found an opulent altar of Gozag.
  1790 | D:3      | Found a snail-covered altar of Cheibriados.
  1790 | D:3      | Found a burning altar of Makhleb.
  1805 | D:3      | Found a radiant altar of Vehumet.
  1805 | D:3      | Found a basalt altar of Yredelemnul.
  1974 | D:3      | Gained mutation: You can fly. [Tengu growth]
  1974 | D:3      | Reached XP level 5. HP: 32/32 MP: 6/6
  2027 | D:4      | Reached *** piety under Trog
  2200 | D:3      | Found a glowing drain.
  2208 | Sewer    | Entered a sewer
  2477 | Sewer    | Noticed a big kobold
  2483 | Sewer    | Killed a big kobold
  2483 | Sewer    | Reached skill level 5 in Armour
  2483 | Sewer    | Reached skill level 5 in Dodging
  2483 | Sewer    | Reached XP level 6. HP: 33/37 MP: 7/7
  2563 | Sewer    | Received a gift from Trog
  2786 | D:4      | Noticed GlaceonGamingDJ's ghost (weakling TrBe)
  2798 | D:4      | Killed GlaceonGamingDJ's ghost
  2867 | D:4      | Reached XP level 7. HP: 34/41 MP: 8/8
  2876 | D:4      | Slain by a worker ant

Vault maps used:
D:1:      minmay_arrival_radiant_lines
D:2:      nicolae_overflow_crystal_walls
D:3:      grunt_temple_overflow_open, portal_sewer_entry_e, first_bread
D:4:      nicolae_tso_besieged_by_evil, elyvilon_altar_1, serial_undead,
          serial_undead_a, serial_undead_c, serial_undead_f, serial_undead_e,
          serial_undead_a, serial_undead_e, serial_undead_f, serial_undead_b,
          serial_undead_b, serial_undead_e, serial_shops, shop, uniq_edmund
Sewer:    kennysheep_pipe_town

Skill      XL: |  1  2  3  4  5 |
---------------+----------------+-----
Armour         | 3 4 5 |  5.6
Dodging        | 3 4 5 |  5.9
Fighting       | |  3.0
Long Blades    | |  3.2

Action                   |  1- 3 |  4- 6 |  7- 9 || total
-------------------------+-------+-------+-------++-------
Melee: Falchion          |   108 |   218 |    12 ||   338
       Kick              |    19 |    57 |     2 ||    78
       Peck              |    15 |    43 |     2 ||    60
Invok: Berserk           |       |     5 |       ||     5
 Stab: Sleeping          |     2 |       |       ||     2
  Eat: Chunk             |     2 |     7 |       ||     9
       Pizza             |       |     1 |       ||     1
Armor: Animal skin       |     5 |       |       ||     5
       Scale mail        |    19 |    65 |     1 ||    85
Dodge: Dodged            |    54 |   133 |    11 ||   198
